 Dungeon Crawl Stone Soup version 0.27.0-65-ge2af304b15 (webtiles) character file.

Game seed: 6219139790285587723

5165 Crownlay the Severer (level 10, -17/95 HPs)
             Began as a Hill Orc Fighter on Aug 18, 2021.
             Was a Follower of Okawaru.
             Demolished by an orc knight (19 damage)
             ... in a bailey.
             The game lasted 00:18:25 (9674 turns).

Crownlay the Severer (Hill Orc Fighter)             Turns: 9674, Time: 00:18:26

Health: -17/95     AC:  8    Str: 23    XL:     10   Next: 59%
Magic:  10/10      EV:  9    Int:  8    God:    Okawaru [*.....]
Gold:   436        SH:  0    Dex: 16    Spells: 9/9 levels left

rFire    + . .     SeeInvis .   z - +1 battleaxe (vorpal)
rCold    + . .     Faith    .   (shield currently unavailable)
rNeg     . . .     Spirit   .   b - +0 scale mail
rPois    +         Reflect  .   (no helmet)
rElec    +         Harm     .   y - scarf {repulsion}
rCorr    +         Rampage  .   (no gloves)
Will     .....                  j - +0 pair of boots
Stlth    ..........             (no amulet)
HPRegen  0.25/turn              h - +6 ring of dexterity
MPRegen  0.12/turn              (no ring)

@: mighty, resistant, repel missiles
A: no striking features
a: Renounce Religion, Heroism


You were in a bailey.
You worshipped Okawaru.
Okawaru was aware of your devotion.
You visited 1 branch of the dungeon, and saw 7 of its levels.
You also visited: Sewer and Bailey.

You collected 436 gold pieces.

Inventory:

Hand Weapons
 a - a +0 war axe
 z - a +1 vorpal battleaxe (weapon)
Armour
 b - a +0 scale mail (worn)
 c - a +0 kite shield
 j - a +0 pair of boots (worn)
 x - a +0 buckler
 y - a scarf of repulsion (worn)
 G - a +0 cloak
Jewellery
 h - a +6 ring of dexterity (left hand)
 m - a ring of wizardry
 B - a ring of willpower
Wands
 f - a wand of digging (4)
 E - a wand of mindburst (13)
 F - a wand of flame (16)
 H - a wand of iceblast (9)
Scrolls
 g - a scroll of blinking
 i - 4 scrolls of teleportation
 k - a scroll of enchant armour
 w - 2 scrolls of amnesia
 D - a scroll of vulnerability
 K - a scroll of acquirement
 L - a scroll of enchant weapon {unknown}
Potions
 d - a potion of might
 e - a potion of flight {unknown}
 l - a potion of ambrosia {unknown}
 n - 2 potions of heal wounds {unknown}
 o - a potion of haste
 p - 2 potions of brilliance {unknown}
 q - 4 potions of resistance
 r - 2 potions of cancellation {unknown}
 s - a potion of invisibility {unknown}
 t - a potion of experience {unknown}
 u - a potion of magic {unknown}
 v - 5 potions of mutation {unknown}
 A - 2 potions of attraction {unknown}
 C - 2 potions of curing {unknown}
 I - a potion of degeneration {unknown}
 J - a potion of lignification {unknown}


   Skills:
 * Level 11.0 Fighting
 + Level 15.6 Axes
 - Level 3.2 Armour
 - Level 3.2 Shields


You had 9 spell levels left.
You didn't know any spells.
Your spell library contained the following spells:

 Spells                   Type           Power      Damage    Failure   Level
 Magic Dart               Conj           0%         1d3       71%         1
 Sandblast                Erth           0%         2d4       71%         1
 Sting                    Tmut/Pois      0%         1d3       71%         1
 Call Imp                 Summ           0%         N/A       85%         2
 Passwall                 Tmut/Erth      0%         N/A       85%         2
 Poisonous Vapours        Pois/Air       0%         N/A       85%         2
 Slow                     Hex            0%         N/A       85%         2
 Confusing Touch          Hex            0%         N/A       97%         3
 Mephitic Cloud           Conj/Pois/Air  0%         N/A       97%         3
 Vampiric Draining        Necr           0%         2d6       97%         3
 Olgreb's Toxic Radiance  Pois           0%         N/A       100%        4
 Lee's Rapid Deconstruct  Erth           0%         3d5*      100%        5


Dungeon Overview and Level Annotations

Branches:
Dungeon (7/15)              Sewer (visited)          Bailey (1/1)
 Temple: D:4-7

Altars:
Ashenzari
Gozag

Shops:
D:2 (

Annotations:
D:4 1 runed translucent door, braks's ghost, amateur FoAK
D:7 1 runed translucent door, Crazy Yiuf


Message History

You close the door.
You feel very mighty all of a sudden.
An orc knight opens the door.
The orc knight roars a battlecry!
The orc warrior goes into a battle-frenzy!
Welcome back, Crownlay the Hill Orc Fighter.
Okawaru says: Bring me glory in combat!
Press ? for a list of commands and other information.
You slash the orc warrior!
The orc warrior is heavily wounded.
The orc warrior hits you but does no damage.
You slice the orc warrior!!
You kill the orc warrior!
Okawaru accepts your kill.
You hit the orc knight.
The orc knight hits you with a +0 broad axe!!
Your Fighting skill increases to level 11!
The orc knight barely misses you.
Things that are here:
a +0 hand axe; a +0 ring mail; an orc corpse You closely miss the orc knight.
The orc knight is lightly wounded.
The orc knight hits you with a +0 broad axe!
You closely miss the orc knight.
The orc knight is lightly wounded.
The orc knight hits you with a +0 broad axe!
You barely miss the orc knight.
The orc knight is lightly wounded.
The orc knight hits you with a +0 broad axe!!
* * * LOW HITPOINT WARNING * * *
You barely miss the orc knight.
The orc knight is lightly wounded.
The orc knight hits you with a +0 broad axe!
* * * LOW HITPOINT WARNING * * *
You hit the orc knight but do no damage.
The orc knight is lightly wounded.
It was a potion of resistance.
You feel protected.
The orc knight hits you with a +0 broad axe!!
You die...

≈≈≈ ≈≈≈≈ ### ≈≈≈ # ≈≈≈≈≈
..# .∩. # ≈≈≈≈≈≈###.. ###
# ≈≈≈≈≈≈#... +.+ #
≈≈≈≈≈≈#.. #.# #
≈≈≈≈≈≈#'#########.######
≈≈≈≈≈≈o@#..'.....∩^....'
≈≈≈≈≈≈≈≈.#..######.######
≈≈≈≈≈≈≈≈.#..#[[..#.#....#
≈≈≈≈≈≈≈≈.#..#[[..+.+....#
≈≈≈≈≈≈≈≈.#..#############
≈≈≈≈≈≈≈≈.##)#...........#
≈≈≈≈≈≈≈≈.'..))...._.....)
≈≈≈≈≈≈≈≈.#.8.............
≈≈≈≈≈≈≈≈.#...............


You could see an orc knight.

Vanquished Creatures
  An orc high priest (Bailey)
  Pikel (D:5)
  An orc knight (Bailey)
  A kobold demonologist (Bailey)
  Prince Ribbit (D:5)
  The ghost of Kanakotka the Insei, an amateur OpTm (D:6)
  Eustachio (D:4)
  Menkaure (D:5)
  11 orc warriors (Bailey)
  2 ice beasts
  3 ogres
  A necrophage (D:7)
  A kobold brigand (Sewer)
  2 lemures (D:5)
  Blork the orc (D:4)
  A bullfrog (D:7)
  A scorpion (D:5)
  A water moccasin skeleton (D:5)
  5 wights (D:7)
  2 electric eels (Bailey)
  4 hounds
  2 orc priests (D:7)
  2 iguanas
  2 orc wizards
  10 adders
  5 gnolls (Bailey)
  7 river rats
  2 shadow imps
  An ufetubus (D:6)
  3 worms
  6 dart slugs
  27 orcs
  3 endoplasms
  4 giant cockroaches
  15 goblins
  12 hobgoblins
  10 jackals
  25 kobolds
  2 quokkas
  12 ball pythons
  5 bats
  3 frilled lizards
  25 rats
226 creatures vanquished.

Notes
Turn   | Place    | Note
-------+----------+-------------------------------------------
     0 | D:1      | Crownlay the Hill Orc Fighter began the quest for the Orb.
     0 | D:1      | Reached XP level 1. HP: 19/19 MP: 1/1
   176 | D:1      | Reached skill level 3 in Axes
   317 | D:1      | Reached XP level 2. HP: 22/26 MP: 2/2
   562 | D:1      | Found a faded altar of an unknown god.
   580 | D:1      | Reached skill level 4 in Axes
   984 | D:1      | Reached XP level 3. HP: 30/31 MP: 3/3
  1332 | D:2      | Found Lyck's Antique Weapon Emporium.
  1376 | D:2      | Reached skill level 5 in Axes
  1717 | D:2      | Reached XP level 4. HP: 33/39 MP: 4/4
  2026 | D:2      | Reached skill level 6 in Axes
  2409 | D:3      | Reached XP level 5. HP: 45/45 MP: 5/5
  2565 | D:3      | Found a glowing drain.
  2580 | D:3      | Reached skill level 7 in Axes
  2591 | Sewer    | Entered a sewer
  2884 | Sewer    | Noticed a kobold brigand
  2895 | Sewer    | Killed a kobold brigand
  2896 | Sewer    | Reached skill level 8 in Axes
  2896 | Sewer    | Reached XP level 6. HP: 23/51 MP: 6/6
  4255 | D:3      | Reached skill level 9 in Axes
  4815 | D:4      | Noticed Blork the orc
  4820 | D:4      | Killed Blork the orc
  4821 | D:4      | Reached XP level 7. HP: 56/57 MP: 7/7
  4865 | D:4      | Reached skill level 10 in Axes
  4871 | D:4      | Noticed Eustachio
  4904 | D:4      | Killed Eustachio
  5141 | D:4      | Found a runed translucent door.
  5168 | D:4      | Noticed braks's ghost (amateur FoAK)
  5193 | D:4      | Found an opulent altar of Gozag.
  5504 | D:5      | Entered Level 5 of the Dungeon
  5790 | D:5      | Found a broken altar of Ashenzari.
  5883 | D:5      | Reached skill level 11 in Axes
  6081 | D:5      | Noticed Prince Ribbit
  6089 | D:5      | Killed Prince Ribbit
  6090 | D:5      | Reached skill level 12 in Axes
  6090 | D:5      | Reached XP level 8. HP: 28/64 MP: 8/8
  6326 | D:5      | Noticed Menkaure
  6331 | D:5      | Killed Menkaure
  6425 | D:5      | Reached skill level 13 in Axes
  6560 | D:5      | Noticed Pikel
  6570 | D:5      | Killed Pikel
  6571 | D:5      | Reached skill level 14 in Axes
  6571 | D:5      | Reached XP level 9. HP: 27/72 MP: 9/9
  7223 | D:6      | Found a runed translucent door.
  7483 | D:6      | Noticed Kanakotka's ghost (amateur OpTm)
  7604 | D:6      | Killed Kanakotka's ghost
  7605 | D:6      | Reached skill level 5 in Fighting
  7670 | D:7      | Identified a scroll of acquirement
  7671 | D:7      | Acquired a scarf of repulsion
  7748 | D:7      | Found a runed translucent door.
  7749 | D:7      | Noticed Crazy Yiuf
  7957 | D:7      | Found a flagged portal.
  7964 | Bailey   | Entered a bailey
  8343 | Bailey   | Found an iron altar of Okawaru.
  8343 | Bailey   | Noticed a kobold demonologist
  8343 | Bailey   | Noticed an orc high priest
  8349 | Bailey   | Noticed a sixfirhy
  8359 | Bailey   | Killed a kobold demonologist
  8360 | Bailey   | Noticed a hellwing
  8366 | Bailey   | Killed an orc high priest
  8367 | Bailey   | Reached skill level 15 in Axes
  8367 | Bailey   | Reached XP level 10. HP: 55/91 MP: 10/10
  8384 | Bailey   | Became a worshipper of Warmaster Okawaru
  8692 | Bailey   | Noticed an orc knight
  8701 | Bailey   | Killed an orc knight
  8702 | Bailey   | Reached skill level 10 in Fighting
  8975 | Bailey   | Reached * piety under Okawaru
  9660 | Bailey   | Noticed an orc knight
  9672 | Bailey   | HP: 2/95 [orc knight (16)]
  9674 | Bailey   | Demolished by an orc knight

Illustrated notes

Levels and vault maps discovered:
D:1:      eino_arrival_tree_alley, layout_basic,
          hellmonk_ecumenical_altar_crossroads
D:2:      minmay_angry_zag, layout_basic, serial_shops, nicolae_diamond_shop,
          minmay_hedge_maze, chequers_jeans
D:3:      layout_basic, portal_sewer_entry_c, minmay_misc_feat_iff
D:4:      layout_cave_pools, lemuel_doored_altar, ebering_ghost_sewer_d,
          grunt_ministairs_9, uniq_blork_the_orc, uniq_eustachio
D:5:      layout_loops_corners, evilmike_ruin_ashenzari, grunt_decor_cap,
          uniq_prince_ribbit1, uniq_menkaure, uniq_pikel
D:6:      layout_cave_pools, hellmonk_ghost_happy_afterlife
D:7:      layout_cave_pods, minmay_temple_entry_overgrown, enter_bailey_3,
          minmay_bent, uniq_crazy_yiuf_cottage
Bailey:   bailey_axe_of_yendor_kennysheep, bailey

Skill      XL: |  1  2  3  4  5  6  7  8  9 10 |
---------------+-------------------------------+-----
Axes           | 3 4 5 6 8 9 12 14 15 | 15.6
Fighting       | 4 9 11 | 11.0
Armour         | |  3.2
Shields        | |  3.2

Action                   |  1- 3 |  4- 6 |  7- 9 | 10-12 || total
-------------------------+-------+-------+-------+-------++-------
Melee: War axe           |    69 |   243 |       |       ||   312
       Battleaxe         |       |       |   179 |    68 ||   247
Evoke: Wand              |       |       |       |     9 ||     9
  Use: Scroll            |       |     5 |     6 |       ||    11
       Potion            |       |       |     3 |     4 ||     7
Armor: Scale mail        |    38 |   123 |    98 |     7 ||   266
Dodge: Dodged            |    46 |   135 |    92 |    18 ||   291
Block: Kite shield       |     4 |       |       |       ||     4
